Map: Dusk Towers

Players

LilDicky

  • Race: Terran Terran
  • League: Diamond

Koralin - Winner!

  • Race: Terran Terran
  • League: Diamond

VOD

http://www.twitch.tv/tumescentpie

Description

Time

  • Played on: Nov. 30, 2015, 9:34 a.m.
  • Length: 20:49
Show
View Real Time Build Order
Export as new Build Order

LilDicky Terran 

Build Orders: Reaper Expand, Banshee Rush 

Get SALT Encoding   

  12  0:01  SCV  
  13  0:13  SCV  
  14  0:17  Supply Depot  
  14  0:25  SCV  
  15  0:28  Refinery  
  15  0:39  SCV  
  16  0:45  Barracks  
  16  0:51  SCV  
  17  1:03  SCV  
  18  1:16  SCV  
  19  1:36  Reaper  
  19  1:39  Orbital Command  
  20  1:44  Command Center  
  20  1:58  Supply Depot  
  20  2:04  SCV  
  20  2:05  Refinery  
  21  2:10  Marine  
  22  2:17  SCV  
  23  2:23  Factory  
  23  2:29  SCV  
  24  2:34  Barracks Tech Lab  
  24  2:41  SCV  
  25  2:53  SCV  
  25  2:58  Marine  
  26  3:05  Orbital Command  
  27  3:09  Widow Mine  
  27  3:10  Starport  
  27  3:11  SCV  
  30  3:13  Engineering Bay  
  30  3:21  Marine  
  30  3:23  SCV  
  31  3:36  SCV x2  
  31  3:40  Widow Mine  
  35  3:52  SCV x2  
  35  3:54  Cloaking Field  
  37  3:55  Banshee  
  37  3:56  Missile Turret  
  37  4:02  Missile Turret  
  40  4:04  SCV  
  40  4:05  SCV, Marine  
  43  4:17  SCV  
  44  4:18  SCV  
  45  4:26  Supply Depot, Widow Mine  
  45  4:29  SCV  
  45  4:30  SCV  
  45  4:31  Marine  
  50  4:38  Banshee, Refinery  
  50  4:39  Refinery  
  53  4:48  Marine  
  53  4:51  SCV  
  55  4:55  Supply Depot  
  55  4:57  Supply Depot  
  55  4:59  Supply Depot  
  55  5:13  Corvid Reactor  
  55  5:35  SCV x2  
  57  5:38  Raven  
  57  5:42  Command Center  
  56  5:47  SCV x2  
  56  5:48  Command Center  
  56  5:49  Command Center  
  58  6:10  SCV  
  58  6:11  SCV  
  62  6:18  Hellion  
  62  6:19  Barracks Reactor  
  62  6:22  SCV  
  62  6:23  SCV  
  64  6:26  Starport  
  64  6:27  Starport  
  64  6:31  Raven  
  66  6:34  SCV  
  66  6:35  SCV  
  68  6:44  Hellion  
  68  6:47  SCV x2  
  70  6:59  SCV x2  
  69  7:05  Orbital Command x2  
  69  7:14  Command Center, Banshee  
  72  7:17  Command Center  
  72  7:19  Starport Tech Lab x2  
  72  7:26  SCV  
  72  7:29  Barracks Reactor  
  73  7:30  SCV  
  73  7:32  Hellion, Factory  
  73  7:33  Hellion  
  73  7:34  SCV  
  76  7:47  Viking  
  76  7:48  Viking  
  80  8:06  Raven  
  82  8:16  Hellion x2  
  82  8:17  Raven x2  
  90  8:24  Factory  
  90  8:26  Orbital Command  
  90  8:29  Barracks Tech Lab  
  90  8:30  Missile Turret  
  90  8:31  Missile Turret  
  90  8:33  Missile Turret  
  83  8:57  Hellion x4  
  83  8:59  Orbital Command  
  91  9:18  Refinery  
  91  9:25  Refinery  
  91  9:29  Command Center  
  87  9:38  Command Center  
  87  9:41  Missile Turret  
  87  9:42  Missile Turret x2  
  87  9:49  Supply Depot  
  87  9:51  Supply Depot  
  86  10:09  Command Center, Hellion x4  
  94  10:17  Fusion Core  
  94  10:18  Viking  
  94  10:19  Viking x2  
  100  10:24  Infernal Pre-Igniter  
  100  10:26  Hellion  
  100  10:28  Armory  
  100  10:30  Armory  
  100  10:48  Viking x2  
  104  10:54  Missile Turret  
  104  10:56  Planetary Fortress  
  102  11:00  Planetary Fortress  
  102  11:05  Missile Turret  
  102  11:13  Missile Turret  
  102  11:14  Missile Turret  
  102  11:17  Battlecruiser  
  108  11:19  Battlecruiser x2  
  120  11:26  Missile Turret  
  120  11:31  Missile Turret  
  120  11:37  Refinery  
  120  11:38  Refinery  
  120  11:39  Refinery  
  120  11:40  Refinery  
  120  11:55  SCV  
  121  12:01  Hellion  
  121  12:02  Hellion x2  
  121  12:07  SCV  
  124  12:19  SCV, Supply Depot  
  124  12:21  Battlecruiser  
  129  12:23  Battlecruiser x2  
  141  12:31  SCV  
  141  12:32  Hellion  
  141  12:33  Hellion x4  
  152  12:37  Planetary Fortress  
  152  12:38  Missile Turret  
  152  12:43  SCV  
  153  12:47  Terran Vehicle And Ship Armor Level 1, Terran Ship Weapons Level 1  
  153  12:50  Missile Turret  
  153  12:54  Hellion x3  
  153  12:56  Missile Turret  
  147  13:24  Hyperflight Rotors  
  147  13:25  Battlecruiser  
  147  13:26  Behemoth Reactor  
  153  13:27  Battlecruiser x2  
  153  13:31  Supply Depot x2  
  153  13:32  SCV  
  165  13:43  Missile Turret  
  165  13:44  SCV  
  165  13:45  Missile Turret  
  166  13:56  SCV  
  166  13:57  Hellion x4  
  175  14:08  SCV  
  176  14:21  SCV  
  176  14:23  Weapon Refit  
  177  14:29  Battlecruiser  
  181  14:31  Battlecruiser  
  143  15:06  Hellion  
  125  15:07  Hellion  
  125  15:08  Battlecruiser  
  99  15:25  Thor  
  105  15:34  Battlecruiser  
  111  15:36  Battlecruiser  
  117  15:43  Refinery  
  117  15:45  Command Center  
  117  15:47  Refinery  
  121  15:50  Hellion x4  
  123  15:57  SCV  
  124  16:08  Thor  
  124  16:09  SCV, Refinery  
  124  16:11  Hellion x2, Refinery  
  135  16:12  Battlecruiser  
  135  16:13  SCV x2  
  135  16:15  Refinery  
  135  16:16  Command Center  
  143  16:19  Refinery  
  143  16:21  Starport x2  
  143  16:32  SCV  
  144  16:38  Battlecruiser  
  150  16:43  Battlecruiser  
  156  16:59  Missile Turret  
  156  17:09  Missile Turret x2  
  156  17:17  Battlecruiser  
  156  17:20  Missile Turret  
  162  17:23  Missile Turret  
  162  17:29  Planetary Fortress  
  162  17:30  Missile Turret  
  162  17:35  Hellion x3  
  162  17:36  Hellion x2  
  172  17:37  Terran Vehicle And Ship Armor Level 2  
  172  17:40  Terran Ship Weapons Level 2  
  172  17:47  Planetary Fortress  
  172  17:51  Battlecruiser  
  172  17:56  Hellion  
  172  17:57  Hellion x2  
  184  18:10  Missile Turret  
  184  18:15  Viking  
  186  18:21  Viking  
  186  18:22  Starport Tech Lab, Starport Reactor  
  188  18:28  SCV  
  188  18:30  Missile Turret  
  189  18:35  Missile Turret  
  189  18:37  Hellion x2  
  189  18:40  SCV  
  194  18:53  SCV  
  193  19:05  SCV  
  173  19:17  SCV  
  173  19:21  Thor  
  173  19:22  Widow Mine x2  
  173  19:23  Widow Mine x2  
  177  19:28  Battlecruiser x3, Viking  
  177  19:29  Viking  
  187  19:51  Widow Mine  
  189  19:56  Missile Turret x2  
  189  19:58  Missile Turret x2  
  189  19:59  Missile Turret x2  
  189  20:07  Missile Turret  
Show
View Real Time Build Order
Export as new Build Order

Koralin Terran - Winner!

Build Orders:  

Get SALT Encoding   

  12  0:01  SCV  
  13  0:13  SCV  
  14  0:21  Supply Depot  
  14  0:25  SCV  
  15  0:30  Refinery  
  16  0:42  SCV  
  16  0:55  Barracks  
  16  0:58  SCV  
  17  1:10  SCV  
  18  1:15  Refinery  
  18  1:22  SCV  
  19  1:34  SCV  
  20  1:45  Factory  
  20  1:46  Marine  
  21  1:48  Orbital Command  
  21  1:58  Supply Depot  
  21  2:14  SCV  
  22  2:15  Barracks Tech Lab  
  22  2:30  Command Center  
  22  2:37  Starport  
  22  2:43  Hellion  
  24  2:54  SCV  
  25  3:00  Marine  
  26  3:07  Widow Mine  
  28  3:13  SCV  
  29  3:25  SCV, Corvid Reactor  
  30  3:37  SCV  
  31  3:46  Command Center  
  31  3:47  Orbital Command  
  31  3:53  Widow Mine  
  33  4:02  SCV  
  34  4:04  Raven  
  36  4:14  SCV  
  36  4:15  Marine  
  38  4:19  SCV  
  39  4:27  SCV  
  40  4:33  SCV  
  40  4:35  Command Center  
  40  4:37  Widow Mine  
  43  4:42  Refinery  
  44  4:45  SCV, Engineering Bay  
  44  4:46  SCV  
  45  4:54  Supply Depot  
  45  4:57  Raven  
  45  4:58  Supply Depot  
  47  5:01  Orbital Command  
  47  5:11  Widow Mine  
  47  5:13  Marine  
  50  5:14  SCV x2  
  49  5:26  SCV x2  
  46  5:38  SCV  
  47  5:51  SCV  
  46  6:03  SCV x2  
  46  6:04  SCV  
  49  6:05  Orbital Command  
  49  6:09  Factory Tech Lab  
  49  6:10  Raven  
  51  6:11  Explosive Shrapnel Shells  
  51  6:13  Hi-Sec Auto Tracking  
  51  6:16  SCV x2  
  51  6:17  SCV  
  54  6:24  Refinery  
  54  6:25  Missile Turret  
  54  6:29  Siege Tank  
  54  6:30  Marine  
  58  6:33  SCV x3  
  58  6:34  SCV  
  62  6:45  SCV  
  62  6:46  Missile Turret  
  63  6:49  Missile Turret  
  63  6:53  Raven  
  65  7:05  Marine  
  65  7:06  Siege Tank, Missile Turret  
  67  7:12  Missile Turret  
  67  7:20  Command Center x2  
  67  7:26  Missile Turret  
  67  7:30  SCV x3  
  70  7:44  Raven  
  70  7:46  Siege Tank, Missile Turret, Marine  
  70  7:48  Terran Infantry Weapons Level 1  
  76  7:56  Armory  
  76  7:58  Refinery  
  76  7:59  Armory  
  76  8:03  Refinery, Infernal Pre-Igniter  
  74  8:07  Barracks Reactor  
  74  8:10  SCV x3  
  77  8:15  Sensor Tower  
  75  8:29  SCV x4  
  79  8:36  Starport  
  79  8:38  Starport  
  79  8:40  Starport  
  75  8:52  SCV  
  75  8:53  SCV x3, Orbital Command  
  77  8:58  Missile Turret  
  77  9:00  Marine x2  
  77  9:01  Orbital Command  
  79  9:04  Missile Turret  
  79  9:07  Fusion Core  
  79  9:09  Terran Ship Weapons Level 1  
  79  9:17  Missile Turret  
  79  9:19  SCV x4  
  83  9:29  Missile Turret  
  83  9:37  Missile Turret, Starport Tech Lab x3  
  83  9:38  Thor  
  83  9:39  Marine  
  83  9:40  Marine  
  83  9:45  Missile Turret  
  91  9:58  Missile Turret  
  87  10:14  Viking x4  
  95  10:32  Marine x2  
  95  10:33  Siege Tank  
  100  10:39  SCV x3  
  101  10:50  Marine  
  101  10:56  Behemoth Reactor  
  102  10:58  Terran Vehicle And Ship Armor Level 1  
  102  11:01  Battlecruiser x2  
  114  11:11  Missile Turret  
  114  11:14  Battlecruiser  
  120  11:22  Hellbat  
  120  11:25  Terran Ship Weapons Level 2  
  122  11:32  Missile Turret  
  122  11:44  Hellbat  
  123  12:05  Hellbat  
  125  12:19  Marine x2  
  127  12:26  Hellbat  
  129  12:37  Marine  
  129  12:41  Command Center  
  129  12:42  Refinery, Missile Turret  
  129  12:43  Refinery  
  129  12:52  Hellbat  
  130  13:01  Terran Vehicle And Ship Armor Level 2  
  129  13:20  Missile Turret  
  129  13:26  Orbital Command  
  129  13:42  Weapon Refit  
  129  13:43  Terran Infantry Weapons Level 2, Marine  
  129  13:48  Missile Turret  
  130  13:49  Marine  
  130  13:50  Cyclone  
  130  13:51  Battlecruiser x2  
  130  13:52  Supply Depot  
  130  13:53  Battlecruiser x2  
  130  13:54  Planetary Fortress  
  130  13:55  Missile Turret  
  158  14:01  Marine  
  159  14:07  Marine  
  160  14:14  Supply Depot  
  159  14:17  Missile Turret  
  159  14:19  Marine  
  160  14:25  Marine  
  161  14:37  Supply Depot, Marine  
  162  14:39  Missile Turret  
  162  14:43  Thor, Marine  
  167  14:55  Viking x2  
  167  14:57  Viking x2  
  130  15:16  Missile Turret  
  118  15:28  Battlecruiser x4  
  142  15:36  Missile Turret  
  142  15:50  Terran Vehicle And Ship Armor Level 3  
  142  15:51  Terran Ship Weapons Level 3  
  142  15:58  SCV  
  142  16:01  Hellbat  
  145  16:11  SCV  
  146  16:12  Command Center  
  146  16:18  Sensor Tower  
  146  16:22  Marine x2  
  146  16:23  SCV, Hellbat  
  151  16:29  Barracks  
  151  16:30  Barracks  
  151  16:31  Barracks  
  151  16:32  Barracks  
  151  16:36  Command Center  
  151  16:38  Viking x4  
  151  16:39  Missile Turret  
  159  16:40  Marine x2  
  159  16:44  Hellbat  
  163  16:49  Terran Infantry Armor Level 1  
  163  16:55  Refinery  
  163  16:57  Refinery, Marine  
  163  16:58  Marine  
  163  16:59  Missile Turret  
  165  17:05  Hellbat  
  165  17:08  Viking x4  
  169  17:15  Marine x2  
  175  17:19  Missile Turret  
  175  17:20  Barracks Tech Lab  
  175  17:21  Barracks Reactor x2  
  177  17:27  Refinery, Hellbat  
  177  17:28  Barracks Reactor  
  179  17:38  Viking x4, Missile Turret  
  187  17:48  Marine  
  187  17:49  Marine x2  
  190  17:51  Refinery  
  190  18:00  Marine x3  
  190  18:01  Marine  
  194  18:06  Marine x2  
  194  18:07  Marine  
  194  18:09  SCV  
  198  18:15  SCV  
  198  18:18  Marine  
  200  18:21  Planetary Fortress  
  200  18:23  Refinery  
  200  18:33  Terran Vehicle Weapons Level 1  
  200  19:02  Combat Shields  
  200  19:54  Planetary Fortress  
Tags
 
Add a new tag
Caveats
  • Supply blocks, unpowered buildings, or Contaminate may cause inaccurate times.
  • Supply counts are checked every 10 seconds.